jt, neutral male gnomish Healer ----|- --------.----- |...@| |..........0..######.....+ |............| |....| #.............| |.Z..- ####|............| |Z...| -------------- -|-.-- # #### # # ##### -.---.-.----- |...........| |............ |..>........| ------------- jt the Embalmer Experience level: 6 Strength: 10 Dexterity: 10 Constitution: 15 Intelligence: 8 Wisdom: 17 Charisma: 16 Health: 55(55) Energy: 46(46) AC: -1 Gold: 893 Moves: 1703 Your Inventory: Coins $ - 893 gold pieces Weapons a - an uncursed +0 scalpel (weapon in hand) E - 31 [cursed +2] darts Armor b - an uncursed +1 pair of leather gloves (being worn) r - a [blessed] +1 pair of walking shoes [low] (being worn) C - a cursed +0 dwarvish mithril-coat (being worn) D - a cursed +0 iron skull cap [orcish helm] (being worn) Comestibles l - 5 uncursed apples m - 2 [uncursed] food rations K - an [uncursed] tripe ration Scrolls s - an [uncursed] scroll labeled GHOTI [of magic mapping] y - a [cursed] scroll labeled HACKEM MUCHE [of identify] z - 4 [cursed] scrolls labeled GHOTI [of magic mapping] F - an [uncursed] scroll labeled LEP GEX VEN ZEA [of teleportation] N - 2 [blessed] scrolls of blank paper O - an [uncursed] scroll of blank paper Potions e - 3 uncursed potions of healing g - an uncursed potion of extra healing o - an [uncursed] emerald potion [of gain ability] t - a [cursed] potion of oil w - an [uncursed] sky blue potion [of booze] x - a [cursed] magenta potion [of fruit juice] A - a [cursed] potion of extra healing G - an [uncursed] ochre potion [of speed] H - an [uncursed] ruby potion [of invisibility] L - an [uncursed] dark green potion [of object detection] Rings p - an [uncursed] copper ring [of teleport control] Wands h - an uncursed wand of sleep (0:4) Tools c - an uncursed stethoscope q - an [uncursed] key [skeleton key] J - an [uncursed] lock pick M - an [uncursed] looking glass [mirror] Gems v - an [uncursed] red gem [jasper] I - an [uncursed] yellowish brown gem [worthless glass] Spells known in the end: Name Level Category Fail Memory a - healing 1 healing 69% [||||||||] b - extra healing 3 healing 75% [||||||||] c - stone to flesh 3 healing 98% [||||||||] Your skills at the end: Fighting Skills Weapon Skills knife [Basic / Expert] Spellcasting Skills healing spells [Basic / Expert] Final Attributes: You were devoutly aligned. Hunger level was 401. Your alignment was 17 / 18. Monster difficulty range was 0 - 3. Level difficulty was 1. You were immune to poison. You had infravision. Your luck was zero. You survived. Vanquished creatures: a ghost a gnome mummy a water nymph an orc shaman a rock piercer a fog cloud a gray ooze a paper golem a baby crocodile a giant ant a kitten an iguana a coyote 4 manes a large kobold 2 giant rats 3 yellow molds a garter snake a gecko 3 jackals a kobold a goblin 2 sewer rats a bat a kobold zombie 2 newts 36 creatures vanquished. Voluntary challenges: You were an atheist. You used a wielded weapon 115 times. You read items or engraved 1 time. You put on armor 5 times. You never genocided any monsters. You never polymorphed an object. You never changed form. You used no wishes. You never wrote Elbereth's name. You encountered 1 bones level. You never used any Sokoban shortcuts. Dungeon overview: The Dungeons of Doom: levels 1 to 6 Level 1 <- You were here a long staircase Level 3 a fountain stairs to The Gnomish Mines Level 4 some fountains, a sink Level 5 a general store, a sink Level 6 many fountains The Gnomish Mines: Level 4 stairs to The Dungeons of Doom History has recorded: On T:1 you entered the Dungeons of Doom to retrieve the Amulet of Yendor! On T:115 you reached level 2 of The Dungeons of Doom. On T:182 you advanced to experience level 2. On T:266 you reached level 3 of The Dungeons of Doom. On T:390 you reached level 1 of The Gnomish Mines. On T:396 you advanced to experience level 3. On T:539 you reached level 4 of The Dungeons of Doom. On T:555 you advanced to experience level 4. On T:851 you reached level 5 of The Dungeons of Doom. On T:1002 you advanced to experience level 5. On T:1225 you reached level 6 of The Dungeons of Doom. On T:1342 you received advice from The Oracle. On T:1342 you advanced to experience level 6. Latest messages: You hit the kobold zombie. The kobold zombie misses. You miss the kobold zombie. (2x) The kobold zombie misses. You destroy the kobold zombie! You miss the giant rat. You kill the giant rat! You see here a fortune cookie. This fortune cookie is delicious! This cookie has a scrap of paper inside. It reads: They say that Demogorgon, Asmodeus, Orcus, Yeenoghu & Juiblex is no law firm. You hear the footsteps of a guard on patrol. Where do you want to travel to? Where do you want to travel to? You hear the footsteps of a guard on patrol. The orc zombie misses. Final status: Goodbye jt the Healer... You escaped from the dungeon with 2776 points, 1 jasper stone (worth 500 zorkmids), 1 worthless piece of colored glass, and 893 pieces of gold, after 1703 moves. You were level 6 with a maximum of 55 hit points when you escaped.